 Dungeon Crawl Stone Soup version 0.29-a0-251-g80730f7218 (webtiles) character file.

Game seed: 17405834151678201492

2107 NoSkeletonsAllowed the Grappler (level 9, -10/74 HPs)
             Began as a Minotaur Monk on Mar 5, 2022.
             Was an Elder of Elyvilon.
             Killed from afar by Erica (15 damage)
             ... with a lance of force
             ... on level 8 of the Dungeon on Mar 6, 2022.
             The game lasted 00:40:49 (7574 turns).

NoSkeletonsAllowed the Grappler (Minotaur Monk)     Turns: 7574, Time: 00:40:49

Health: -10/74     AC:  8    Str: 25    XL:     9   Next: 7%
Magic:  1/8        EV: 16    Int:  9    God:    Elyvilon [****..]
Gold:   345        SH:  0    Dex: 12    Spells: 8/8 levels left

rFire   . . .      SeeInvis .     - Unarmed
rCold   . . .      Faith    .   (no shield)
rNeg    . . .      Spirit   .   j - +0 ring mail
rPois   .          Reflect  .   (helmet restricted)
rElec   .          Harm     .   l - +1 cloak
rCorr   .          Rampage  .   (no gloves)
Will    .....                   (no boots)
Stlth   +.........              (no amulet)
HPRegen 0.22/turn               k - +6 ring of strength
MPRegen 0.11/turn               F - +4 ring of evasion

@: slowed, very slow
A: horns 2, retaliatory headbutt
a: Renounce Religion, Purification, Heal Other, Heal Self


You were on level 8 of the Dungeon.
You worshipped Elyvilon.
Elyvilon was greatly pleased with you.
You visited 2 branches of the dungeon, and saw 9 of its levels.

You collected 345 gold pieces.

Inventory:

Hand Weapons
 b - a +0 dagger
 g - a +0 mace
 h - a +0 club
 q - a +0 whip
 t - a +0 dagger
 v - a +0 hunting sling
 z - a +0 shortbow
 B - a +0 quarterstaff
 G - a +0 hand crossbow
Missiles
 c - 176 stones
 u - 2 datura-tipped darts
 D - 4 javelins (quivered)
Armour
 a - a +0 robe
 j - a +0 ring mail (worn)
 l - a +1 cloak (worn)
 p - a +0 leather armour
 r - a +0 leather armour
Jewellery
 i - an amulet of guardian spirit
 k - a +6 ring of strength (left hand)
 y - a ring of willpower
 F - a +4 ring of evasion (right hand)
Wands
 d - a wand of digging (1)
Scrolls
 n - a scroll of vulnerability {unknown}
 w - a scroll of enchant armour {unknown}
 E - 2 scrolls of teleportation
Potions
 e - a potion of heal wounds {unknown}
 f - a potion of mutation {unknown}
 m - 2 potions of might {unknown}
 o - 6 potions of degeneration
 s - a potion of berserk rage {unknown}
 x - a potion of haste {unknown}
 A - a potion of attraction {unknown}
 C - a potion of lignification {unknown}


   Skills:
 + Level 5.1 Fighting
 + Level 2.9 Throwing
 + Level 6.7 Armour
 + Level 4.7 Dodging
 - Level 1.6 Stealth
 * Level 10.2 Unarmed Combat
 + Level 1.2 Invocations


You had 8 spell levels left.
You didn't know any spells.
Your spell library contained the following spells:

 Spells                   Type           Power      Damage    Failure   Level
 Freeze                   Ice            0%         1d3       52%         1
 Scorch                   Fire           0%         2d5       65%         2
 Frozen Ramparts          Ice            0%         1d2       87%         3
 Portal Projectile        Hex/Tloc       0%         N/A       87%         3
 Flame Wave               Conj/Fire      0%         2d4       99%         4
 Hailstorm                Conj/Ice       0%         3d3       99%         4
 Summon Ice Beast         Ice/Summ       0%         N/A       99%         4
 Blade Hands              Tmut           0%         N/A       100%        5
 Excruciating Wounds      Necr           0%         N/A       100%        5
 Summon Mana Viper        Hex/Summ       0%         N/A       100%        5
 Summon Cactus Giant      Summ           0%         N/A       100%        6
 Monstrous Menagerie      Summ           0%         N/A       100%        7


Dungeon Overview and Level Annotations

Branches:
Dungeon (8/15)             Temple (1/1) D:5
   Lair: D:8-11

Altars:
Ashenzari
Dithmenos
Elyvilon
Fedhas
Hepliaklqana
Kikubaaqudgha
Makhleb
Nemelex Xobeh
Qazlal
Ru
Sif Muna
Trog
Uskayaw
Vehumet
Wu Jian
Xom
Zin
The Shining One

Annotations:
D:3 Crazy Yiuf
D:8 Erica


Innate Abilities, Weirdness & Mutations

You have a pair of horns on your head.
You reflexively headbutt those who attack you in melee.


Message History

Something tries to affect you, but you resist.
* * * LOW HITPOINT WARNING * * *
You feel very sick.
You fail to use your ability.
* * * LOW HITPOINT WARNING * * *
You feel very sick.
You hear a zap.
Something tries to affect you, but you resist.
You are healed.
You feel sick.
You feel sick.
You are healed.
You can no longer call upon Elyvilon for divine vigour.
You feel sick. Something hits you!
* * * LOW HITPOINT WARNING * * *
Something burns you.
* * * LOW HITPOINT WARNING * * *
You fail to use your ability.
You feel sick. Something hits you.
* * * LOW HITPOINT WARNING * * *
Something burns you.
* * * LOW HITPOINT WARNING * * *
You feel sick.
You are healed.
You feel sick.
You hear some strange, mumbled words.
A bolt of poison appears from out of thin air!
The bolt of poison hits you!!
You are more poisoned.
* * * LOW HITPOINT WARNING * * *
Elyvilon protects you from harm!
You hear some strange, mumbled words.
You are confused.
You are too confused!
You are too confused!
You feel purified!
You don't have enough magic at the moment.
You hear some strange, mumbled words.
You feel yourself slow down.
You hear some strange, mumbled words.
A lance of force appears from out of thin air!
The lance of force hits you!
You die...

............##...........#.......
...######....#..........###...###
## ##.#.#...................
..#.............#.......
#.###...........##.....## #.
###........###....... #.
##..........##....... ..
#............#.......
#...@.........)......
#...........##.......
#....................
.........{.............
..###.#......###........ .
....####.#.# ##....... ..## #.#.#
#....... ..... #.#.######....# ..
#. #......###....#


There were no monsters in sight!

Vanquished Creatures
  Grinder (D:3)
  A steam dragon (D:7)
  Duvessa (D:5)
  An ice beast (D:7)
  3 black bears
  2 ogres (D:5)
  A centaur (D:6)
  Blork the orc (D:5)
  A kobold brigand (D:8)
  2 bullfrogs
  2 necrophages
  3 scorpions
  Dowan (D:5)
  4 orc priests
  3 hounds
  3 orc wizards
  Terence (D:3)
  3 adders
  A shadow imp (D:7)
  An ufetubus (D:5)
  A worm (D:4)
  20 orcs
  3 ball pythons
  3 endoplasms
  6 goblins
  11 hobgoblins
  5 jackals
  9 quokkas
  5 bats
  3 frilled lizards
  6 kobolds
  A rat (D:1)
  A spectral orc (D:3)
110 creatures vanquished.

Vanquished Creatures (others)
  2 fungi (D:3)
2 creatures vanquished.

Grand Total: 112 creatures vanquished

Notes
Turn   | Place    | Note
-------+----------+-------------------------------------------
     0 | D:1      | NoSkeletonsAllowed the Minotaur Monk began the quest for
                  | the Orb.
     0 | D:1      | Reached XP level 1. HP: 19/19 MP: 0/0
    48 | D:1      | Found a faded altar of an unknown god.
    99 | D:1      | Prayed at the altar of an unknown god.
    99 | D:1      | Became a worshipper of Elyvilon the Healer
    99 | D:1      | Reached * piety under Elyvilon
    99 | D:1      | Reached ** piety under Elyvilon
   258 | D:1      | Reached *** piety under Elyvilon
   298 | D:1      | Reached XP level 2. HP: 24/27 MP: 1/1
   970 | D:2      | Reached skill level 4 in Unarmed Combat
  1004 | D:2      | Reached XP level 3. HP: 28/33 MP: 2/2
  1110 | D:2      | Reached **** piety under Elyvilon
  1384 | D:2      | Identified the +4 scale mail of Misanthropy {Harm rN+ Will+
                  | rCorr}
  1963 | D:3      | Found a shimmering altar of Xom.
  2772 | D:3      | Found a hazy altar of Hepliaklqana.
  2936 | D:3      | Reached XP level 4. HP: 40/40 MP: 3/3
  2987 | D:3      | Noticed Terence
  3000 | D:3      | Killed Terence
  3001 | D:3      | Reached skill level 1 in Armour
  3001 | D:3      | Reached skill level 5 in Unarmed Combat
  3096 | D:3      | Noticed Grinder
  3109 | D:3      | Killed Grinder
  3110 | D:3      | Reached skill level 6 in Unarmed Combat
  3110 | D:3      | Reached XP level 5. HP: 31/46 MP: 4/4
  3110 | D:3      | Reached XP level 6. HP: 36/52 MP: 5/5
  3257 | D:3      | Found a runed translucent door.
  3258 | D:3      | Noticed Crazy Yiuf
  3477 | D:4      | Reached ***** piety under Elyvilon
  3550 | D:5      | Entered Level 5 of the Dungeon
  3552 | D:5      | Reached skill level 1 in Throwing
  4037 | D:4      | Reached XP level 7. HP: 52/60 MP: 6/6
  4291 | D:4      | Reached skill level 7 in Unarmed Combat
  4326 | D:4      | Found a glowing silver altar of Zin.
  5125 | D:5      | Noticed Blork the orc
  5144 | D:5      | Killed Blork the orc
  5145 | D:5      | Reached skill level 5 in Armour
  5145 | D:5      | Reached skill level 8 in Unarmed Combat
  5240 | D:5      | Reached XP level 8. HP: 46/67 MP: 7/7
  5509 | D:5      | Found a staircase to the Ecumenical Temple.
  5531 | Temple   | Entered the Ecumenical Temple
  5616 | Temple   | Upgraded the game from 0.29-a0-243-g602b31c20e to
                  | 0.29-a0-251-g80730f7218
  5698 | D:6      | Noticed Duvessa
  5698 | D:6      | Noticed Dowan
  5698 | D:6      | Found a radiant altar of Vehumet.
  6000 | D:5      | Found a blossoming altar of Fedhas.
  6228 | D:5      | Killed Duvessa
  6229 | D:5      | Reached skill level 9 in Unarmed Combat
  6232 | D:5      | Killed Dowan
  6731 | D:7      | Reached skill level 5 in Fighting
  6731 | D:7      | Reached skill level 10 in Unarmed Combat
  7037 | D:8      | Reached skill level 1 in Invocations
  7228 | D:8      | Reached XP level 9. HP: 68/74 MP: 8/8
  7546 | D:8      | Noticed Erica
  7571 | D:8      | Elyvilon protects you from harm!
  7574 | D:8      | Killed from afar by Erica

Illustrated notes

Levels and vault maps discovered:
D:1:      dpeg_arrival_snail, layout_basic, chequers_ecumenical_altar_island,
          minmay_pentomino_x2
D:2:      layout_loops_ring
D:3:      layout_basic, nicolae_hepliaklqana_monster_ancestors,
          marbit_many_paths, uniq_terence, uniq_crazy_yiuf_cottage, uniq_grinder
D:4:      layout_cave_pools, general_overflow_altar
D:5:      layout_loops_corners, fedhas_ov_isle_minmay,
          minmay_temple_entry_statues_pillars, chequers_arboretum,
          minmay_hedge_maze, minivault_27, uniq_blork_the_orc
D:6:      layout_cave_pods, slow_altar_1, fiery_altar_vehumet, uniq_duvessa
D:7:      layout_basic
D:8:      layout_rooms, interstate_on_off, minmay_puff, uniq_erica
Temple:   nicolae_temple_god_jail

Skill      XL: |  1  2  3  4  5  6  7  8 |
---------------+-------------------------+-----
Fighting       | 4 5 |  5.1
Unarmed Combat | 4 6 8 10 | 10.2
Armour         | 2 4 5 6 |  6.7
Throwing       | 1 2 |  2.9
Dodging        | 4 |  4.7
Invocations    | 1 |  1.2
Stealth        | |  1.6

Action                   |  1- 3 |  4- 6 |  7- 9 || total
-------------------------+-------+-------+-------++-------
Melee: Unarmed           |    88 |    69 |   173 ||   330
       Headbutt          |    14 |    16 |    37 ||    67
       Punch             |       |       |     9 ||     9
Throw: Stone             |    24 |    27 |    29 ||    80
       Javelin           |       |       |     3 ||     3
Invok: Heal Self         |       |       |     9 ||     9
       Purification      |       |       |     1 ||     1
Evoke: Wand              |     2 |       |     1 ||     3
  Use: Scroll            |     1 |     3 |     3 ||     7
       Potion            |       |     1 |     3 ||     4
 Stab: Sleeping          |     1 |       |       ||     1
Armor: Robe              |     5 |       |       ||     5
       Ring mail         |    20 |    16 |    68 ||   104
Dodge: Dodged            |    74 |    35 |   114 ||   223

Table legend: (Time is in decaauts)
 A = Elapsed time spent in this place.
 B = Non-inter-level travel time spent in this place.
 C = Inter-level travel time spent in this place.
 D = Time resting spent in this place.
 E = Time spent auto-exploring this place.
 F = Levels seen in this place.
 G = Mean time per level.
                   A        B        C        D        E       F      G
               +--------+--------+--------+--------+--------+-----+--------+
         Total |   7554 |   7548 |      6 |   2295 |   1896 |   9 |  839.3 |
       Dungeon |   7440 |   7434 |      6 |   2295 |   1896 |   8 |  930.0 |
        Temple |    114 |    114 |      0 |      0 |      0 |   1 |  114.0 |
               +--------+--------+--------+--------+--------+-----+--------+

Top non-repeatable levels by time:
     D:3: 1812 daAuts
     D:5: 1624 daAuts
     D:2: 1242 daAuts
     D:4: 829 daAuts
     D:1: 799 daAuts
     D:7: 565 daAuts
     D:8: 536 daAuts
  Temple: 114 daAuts
     D:6: 28 daAuts
